 Dungeon Crawl Stone Soup version 0.31-a0-875-g02e7d12df6 (webtiles) character file.

Game seed: 4239232524718082870

184 croobank the Covert (level 5, 0/47 HPs)
             Began as a Gnoll Delver on Oct 12, 2023.
             Slain by a river rat (4 damage)
             ... summoned by Eustachio
             ... on level 4 of the Dungeon.
             The game lasted 00:08:59 (1642 turns).

croobank the Covert (Gnoll Delver)                  Turns: 1642, Time: 00:08:59

Health: 0/47       AC:  3    Str: 11      XL:     5   Next: 63%
Magic:  7/7        EV: 13    Int: 11      God:
Gold:   179        SH:  0    Dex: 13 (14) Spells: 7/7 levels left

rFire   . . .        a - +1 short sword
rCold   . . .        (no shield)
rNeg    . . .        b - +0 leather armour
rPois   .            (no helmet)
rElec   .            (no cloak)
rCorr   .            (no gloves)
SInv    +            (no boots)
Will    .....        (no amulet)
Stlth   ++++         d - ring of see invisible
HPRegen 0.27/turn    (no ring)
MPRegen 0.10/turn

%: no passive effects
@: no status effects
A: fangs 1, strong nose, distributed training
a: no special abilities


You were on level 4 of the Dungeon.
You visited 2 branches of the dungeon, and saw 5 of its levels.

You collected 179 gold pieces.

Inventory:

Hand Weapons
 a - a +1 short sword (weapon)
 h - a +0 heavy hand axe
Armour
 b - a +0 leather armour (worn)
Jewellery
 d - a ring of see invisible (left hand)


   Skills:
 + Level 6.7 Fighting
 + Level 4.8 Short Blades
 + Level 1.6 Long Blades
 + Level 1.6 Axes
 + Level 1.6 Maces & Flails
 + Level 1.6 Polearms
 + Level 1.6 Staves
 + Level 1.6 Ranged Weapons
 + Level 1.6 Throwing
 + Level 1.6 Armour
 + Level 4.8 Dodging
 + Level 9.7 Stealth
 + Level 1.6 Shields
 + Level 1.6 Unarmed Combat
 + Level 1.6 Spellcasting
 + Level 1.3 Conjurations
 + Level 1.3 Hexes
 + Level 1.3 Summonings
 + Level 1.3 Necromancy
 + Level 1.3 Translocations
 + Level 1.3 Transmutations
 + Level 1.3 Fire Magic
 + Level 1.3 Ice Magic
 + Level 1.3 Air Magic
 + Level 1.3 Earth Magic
 + Level 1.3 Poison Magic
 + Level 1.8 Invocations
 + Level 1.6 Evocations
 + Level 1.4 Shapeshifting


You had 7 spell levels left.
You didn't know any spells.
Your spell library contained the following spells:

 Spells                   Type           Power      Damage    Failure   Level
 Cigotuvi's Dreadful Rot  Necr/Pois/Air  6%         N/A       34%         2
 Ignite Poison            Fire/Tmut/Pois 3%         N/A       56%         3
 Freezing Cloud           Conj/Ice/Air   1%         6-21      100%        5


Dungeon Overview and Level Annotations

Branches:
Dungeon (7/15)             Temple (1/1) D:5

Altars:
Dithmenos
Fedhas
Kikubaaqudgha
Makhleb
Nemelex Xobeh
Okawaru
Ru
Trog
Vehumet
The Shining One

Annotations:
D:4 Eustachio
D:5 Ijyb, Pikel


Innate Abilities, Weirdness & Mutations

You have very sharp teeth.
Your uncanny sense of smell can sniff out nearby items.
Your experience applies equally to all skills.


Message History

The iron imp closely misses you. The river rat barely misses you.
The rat bites you.
* * * LOW HITPOINT WARNING * * *
The bat hits you but does no damage.
The crimson imp hits you but does no damage.
The bat closely misses you. The river rat barely misses you.
The iron imp shouts, "Scamper home, thou canting dizzy-eyed nightsoil!"
The crimson imp barely misses you. The bat closely misses you.
The river rat closely misses you. The iron imp hits you.
* * * LOW HITPOINT WARNING * * *
The bat misses you.
Eustachio says, "Summoning is fun!"
The bat hits you.
* * * LOW HITPOINT WARNING * * *
The crimson imp attacks as it pursues you!
The crimson imp hits you but does no damage.
The bat attacks as it pursues you! The bat closely misses you.
The bat hits you but does no damage. x2; The crimson imp blinks!
The bat closely misses you.
The iron imp disappears in a puff of smoke!
Eustachio casts a spell.
Eustachio blinks!
The crimson imp lashes its tail.
The bat hits you but does no damage. The bat hits you but does no damage.
Eustachio gestures wildly while chanting.
Eustachio blinks!
The crimson imp blinks!
There is an open door here.
The crimson imp disappears in a puff of smoke!
Eustachio casts a spell.
Eustachio blinks!
The bat hits you but does no damage.
There's a creature in the doorway!
You miss the bat. You bite the bat.
The bat is moderately wounded.
The bat closely misses you.
You closely miss the river rat. You barely miss the river rat.
The crimson imp shouts, "Slither away, thou feeble hasty-witted pot-faker!"
The river rat bites you.
You die...

#######.#.#.....#
#...'....
#....#.###.###### #.##....
#....#...#......# #.###..
#....###.#......##.....#'#
#....+..........##........
#....##...#.....##........
#...†##...#.....##@.......
#....##...#.....##........
#...)##..@rb.5..##........
#....##...#.....##(.......
#.......####r.............
####....# ###r...§§......
#....# #...§.§§.....
#....# #....§§§.....
#....# #...§§§######
#....# #...§§§# #....#
#...§§.#


You could see a crimson imp (summoned), 2 river rats, a bat (summoned) and a rat
(summoned).

Vanquished Creatures
  2 scorpions
  An iguana (D:4)
  2 adders
  A gnoll (D:7)
  An orc (D:6)
  3 ball pythons (D:4)
  2 endoplasms (D:4)
  A goblin (D:4)
  2 hobgoblins (D:4)
  A quokka (D:4)
  A kobold (D:4)
17 creatures vanquished.

Notes
Turn   | Place    | Note
-------+----------+-------------------------------------------
     0 | D:5      | Reached skill level 9 in Stealth
     0 | D:5      | croobank the Gnoll Delver began the quest for the Orb.
     0 | D:5      | Reached XP level 1. HP: 23/23 MP: 1/1
    21 | D:7      | Noticed a gnoll bouda
    24 | D:7      | Reached XP level 2. HP: 29/29 MP: 2/2
    69 | D:6      | Noticed a scorpion
    76 | D:6      | Killed a scorpion
    77 | D:6      | Reached skill level 1 in Long Blades
    77 | D:6      | Reached skill level 1 in Axes
    77 | D:6      | Reached skill level 1 in Maces & Flails
    77 | D:6      | Reached skill level 1 in Polearms
    77 | D:6      | Reached skill level 1 in Staves
    77 | D:6      | Reached skill level 1 in Ranged Weapons
    77 | D:6      | Reached skill level 1 in Throwing
    77 | D:6      | Reached skill level 1 in Armour
    77 | D:6      | Reached skill level 1 in Shields
    77 | D:6      | Reached skill level 1 in Unarmed Combat
    77 | D:6      | Reached skill level 1 in Spellcasting
    77 | D:6      | Reached skill level 1 in Invocations
    77 | D:6      | Reached skill level 1 in Evocations
    77 | D:6      | Reached skill level 1 in Shapeshifting
    77 | D:6      | Reached XP level 3. HP: 35/35 MP: 2/4
    77 | D:6      | Reached XP level 4. HP: 41/41 MP: 2/5
   236 | D:5      | Found a sparkling altar of Nemelex Xobeh.
   309 | D:5      | Found a staircase to the Ecumenical Temple.
   316 | Temple   | Entered the Ecumenical Temple
   346 | D:5      | Noticed a lemure
   346 | D:5      | Noticed a lemure
   356 | D:5      | Found a blossoming altar of Fedhas.
   401 | D:5      | Noticed Pikel
   402 | D:5      | Noticed a lemure
   402 | D:5      | Noticed a lemure
   489 | D:5      | Noticed Ijyb
   568 | D:4      | Noticed a scorpion
   590 | D:4      | Killed a scorpion
   591 | D:4      | Reached skill level 1 in Conjurations
   591 | D:4      | Reached skill level 1 in Hexes
   591 | D:4      | Reached skill level 1 in Summonings
   591 | D:4      | Reached skill level 1 in Necromancy
   591 | D:4      | Reached skill level 1 in Translocations
   591 | D:4      | Reached skill level 1 in Transmutations
   591 | D:4      | Reached skill level 1 in Fire Magic
   591 | D:4      | Reached skill level 1 in Ice Magic
   591 | D:4      | Reached skill level 1 in Air Magic
   591 | D:4      | Reached skill level 1 in Earth Magic
   591 | D:4      | Reached skill level 1 in Poison Magic
   591 | D:4      | Reached XP level 5. HP: 18/47 MP: 5/7
   898 | D:4      | Noticed Eustachio
  1435 | D:4      | Noticed an ogre
  1632 | D:4      | HP: 2/47 [iron imp[Eustachio] (5)]
  1642 | D:4      | Slain by a river rat

Illustrated notes

Levels and vault maps discovered:
D:4:      minmay_bubble_buster, layout_basic, overflow_temple_1_default,
          minmay_crystal_water, uniq_eustachio
D:5:      layout_gridville, amcnicky_altar_gilded, mainiacjoe_overflow_catwalk,
          minmay_temple_entry_junction, serial_glass, glass_columns_b,
          glass_columns_b, glass_columns_b, glass_columns_a, glass_columns_b,
          glass_columns_a, due_unseen_surprise, minmay_strange_pillars,
          chequers_decorated_corner, uniq_menkaure, uniq_ijyb, uniq_pikel
D:6:      layout_gridville, mainiacjoe_overflow_boulevard,
          chequers_temple_overflow_statue_of_worship
D:7:      layout_basic, nzn_hepliaklqana_mist_gate, dk_rats_in_the_wall,
          uniq_maggie
Temple:   hellmonk_temple_of_storms

Skill      XL: |  1  2  3  4 |
---------------+-------------+-----
Stealth        | |  9.7
Long Blades    | 1 |  1.6
Axes           | 1 |  1.6
Maces & Flails | 1 |  1.6
Polearms       | 1 |  1.6
Staves         | 1 |  1.6
Ranged Weapons | 1 |  1.6
Throwing       | 1 |  1.6
Armour         | 1 |  1.6
Shields        | 1 |  1.6
Unarmed Combat | 1 |  1.6
Spellcasting   | 1 |  1.6
Invocations    | 1 |  1.8
Evocations     | 1 |  1.6
Shapeshifting  | 1 |  1.4
Conjurations   | 1 |  1.3
Hexes          | 1 |  1.3
Summonings     | 1 |  1.3
Necromancy     | 1 |  1.3
Translocations | 1 |  1.3
Transmutations | 1 |  1.3
Fire Magic     | 1 |  1.3
Ice Magic      | 1 |  1.3
Air Magic      | 1 |  1.3
Earth Magic    | 1 |  1.3
Poison Magic   | 1 |  1.3
Fighting       | |  6.7
Short Blades   | |  4.8
Dodging        | |  4.8

Action                     |  1- 3 |  4- 6 || total
---------------------------+-------+-------++-------
  Melee: Short sword       |     3 |   143 ||   146
         Bite              |       |    21 ||    21
         Punch             |       |     2 ||     2
  Evoke: Wand              |       |     3 ||     3
    Use: Scroll            |       |     5 ||     5
         Potion            |       |     1 ||     1
   Stab: Sleeping          |     3 |     3 ||     6
 Armour: Leather armour    |       |    99 ||    99
  Dodge: Dodged            |       |   114 ||   114

Table legend: (Time is in decaauts)
 A = Elapsed time spent in this place.
 B = Non-inter-level travel time spent in this place.
 C = Inter-level travel time spent in this place.
 D = Time resting spent in this place.
 E = Time spent auto-exploring this place.
 F = Levels seen in this place.
 G = Mean time per level.
                   A        B        C        D        E       F      G
               +--------+--------+--------+--------+--------+-----+--------+
         Total |   1592 |   1560 |     32 |    694 |    138 |   5 |  318.4 |
       Dungeon |   1591 |   1560 |     31 |    694 |    138 |   4 |  397.8 |
        Temple |      1 |      0 |      1 |      0 |      0 |   1 |    1.0 |
               +--------+--------+--------+--------+--------+-----+--------+

Top non-repeatable levels by time:
     D:4: 1115 daAuts
     D:5: 350 daAuts
     D:6: 120 daAuts
     D:7: 4 daAuts
  Temple: 1 daAuts
